Map: Hecate LE

Players

LiquidClem (Clem)

  • Race: Terran Terran
  • League: Grandmaster
  • Spawn Location: 7:00

MaxPax - Winner!

  • Race: Protoss Protoss
  • League: Master
  • Spawn Location: 1:00

VOD

Have the link to the VOD?

Description

Time

  • Played on: Oct. 18, 2023, 8:11 a.m.
  • Length: 15:54
Show
View Real Time Build Order
Export as new Build Order

LiquidClem Terran 

Build Orders: Reaper Expand 

Get SALT Encoding   

  12  0:00  SCV  
  13  0:12  SCV  
  14  0:16  Supply Depot  
  14  0:24  SCV  
  15  0:38  SCV  
  15  0:39  Barracks  
  16  0:42  Refinery  
  16  0:50  SCV  
  17  1:02  SCV  
  18  1:14  SCV  
  19  1:26  Orbital Command, Reaper  
  20  1:42  Command Center  
  20  1:48  Supply Depot  
  20  1:52  SCV  
  21  1:58  Marine  
  22  2:04  SCV  
  22  2:08  Factory  
  23  2:14  Bunker  
  23  2:17  SCV  
  23  2:20  Barracks Reactor  
  24  2:25  Refinery  
  24  2:29  SCV  
  25  2:41  SCV  
  26  2:51  Hellion  
  26  2:55  Starport  
  26  2:56  Orbital Command, SCV  
  29  2:59  Marine  
  29  3:02  Marine  
  31  3:09  SCV  
  32  3:13  Supply Depot  
  32  3:15  Cyclone  
  32  3:18  Marine  
  35  3:20  Marine  
  35  3:23  SCV  
  35  3:26  SCV  
  38  3:35  SCV  
  38  3:37  Marine  
  38  3:38  SCV  
  42  3:41  Starport Tech Lab  
  42  3:45  Supply Depot  
  42  3:47  Factory Tech Lab  
  42  3:48  SCV  
  39  3:50  Marine, SCV  
  39  3:54  Marine  
  42  4:00  SCV  
  42  4:01  Raven  
  42  4:02  Barracks, SCV  
  46  4:05  Siege Tank  
  49  4:10  Marine  
  49  4:12  SCV  
  49  4:13  Marine  
  49  4:16  SCV, Supply Depot  
  54  4:24  Barracks, SCV  
  54  4:28  SCV  
  54  4:30  Marine x2, Engineering Bay  
  57  4:35  Refinery  
  57  4:38  Siege Tank  
  60  4:40  SCV  
  60  4:41  SCV  
  60  4:43  Bunker  
  62  4:48  Marine x2  
  64  4:53  SCV x2  
  64  4:57  Terran Infantry Weapons Level 1  
  64  4:58  Supply Depot  
  66  5:01  Stimpack, Marine  
  66  5:06  Marine  
  68  5:08  SCV  
  67  5:17  Marine x2  
  67  5:19  SCV  
  67  5:20  SCV  
  71  5:22  Supply Depot  
  71  5:23  Siege Tank  
  71  5:24  Marine  
  75  5:31  Supply Depot, SCV  
  75  5:33  Refinery  
  75  5:34  SCV  
  77  5:39  Marine  
  77  5:42  Supply Depot  
  78  5:44  Marauder, SCV  
  78  5:46  SCV  
  78  5:47  Barracks Tech Lab  
  78  5:48  Starport Reactor  
  81  5:53  Marine  
  81  5:56  SCV  
  83  5:59  SCV  
  83  6:02  Supply Depot  
  84  6:05  Combat Shield, Marine  
  84  6:06  Marauder x2  
  84  6:08  Starport Reactor  
  89  6:15  Factory Reactor, Marine  
  89  6:16  Supply Depot  
  90  6:23  Missile Turret  
  90  6:25  Missile Turret  
  90  6:26  Marine  
  90  6:27  Marauder  
  90  6:30  Marauder  
  95  6:33  Marine  
  96  6:41  Concussive Shells  
  96  6:42  Command Center  
  96  6:44  Marine  
  96  6:45  Medivac x2  
  101  6:48  Supply Depot  
  101  6:50  Marauder  
  101  6:51  Widow Mine  
  101  6:54  Widow Mine  
  107  6:57  Marauder  
  107  6:59  Marine  
  110  7:03  Supply Depot  
  110  7:05  Marine  
  108  7:10  Terran Infantry Armor Level 1  
  108  7:11  Marauder  
  110  7:17  Barracks x2  
  110  7:20  Marine, Supply Depot  
  110  7:22  Widow Mine  
  113  7:26  Marauder  
  113  7:28  Marine  
  115  7:31  Medivac, Widow Mine  
  115  7:33  Marauder  
  115  7:35  Medivac  
  121  7:40  Marine, Supply Depot  
  122  7:45  Widow Mine  
  122  7:46  SCV  
  122  7:47  SCV  
  122  7:49  Marauder  
  122  7:50  Marine, Supply Depot  
  129  7:55  Widow Mine  
  129  7:58  Marauder, SCV  
  134  8:00  Marine  
  134  8:01  Medivac  
  134  8:05  SCV  
  137  8:07  Barracks Reactor, Barracks Tech Lab  
  137  8:10  Barracks Tech Lab  
  139  8:13  Widow Mine, Marauder  
  139  8:14  SCV  
  139  8:16  Marine  
  139  8:18  SCV  
  139  8:19  Marauder  
  146  8:23  Widow Mine  
  146  8:25  Marine  
  146  8:26  SCV  
  149  8:30  SCV  
  149  8:33  Marauder  
  150  8:35  Viking  
  153  8:41  Marauder  
  153  8:43  Marine  
  153  8:47  Marauder, Marine  
  146  8:49  Marine  
  146  8:54  Marauder, SCV  
  150  8:57  SCV  
  150  8:58  Ghost Academy  
  149  9:06  SCV  
  154  9:10  Widow Mine x2  
  154  9:13  Marauder  
  154  9:15  SCV  
  156  9:19  Marine  
  156  9:20  Medivac  
  156  9:23  Marine  
  144  9:24  Marauder  
  144  9:28  Marauder  
  144  9:29  Medivac, Marauder  
  120  9:31  Widow Mine  
  120  9:34  Marine  
  120  9:36  Widow Mine  
  123  9:44  SCV x2  
  121  9:45  Marauder  
  121  9:46  Marine  
  121  9:49  Ghost, Marine  
  125  9:52  Medivac  
  125  9:58  Ghost  
  121  10:00  Ghost  
  121  10:05  Widow Mine x2  
  121  10:07  SCV  
  128  10:09  SCV  
  129  10:15  Ghost  
  129  10:17  Medivac  
  129  10:19  SCV  
  134  10:21  Orbital Command  
  134  10:22  SCV  
  134  10:27  Ghost  
  137  10:31  SCV  
  137  10:34  SCV  
  137  10:35  Widow Mine  
  141  10:37  Ghost  
  141  10:40  Widow Mine  
  144  10:43  Ghost, SCV  
  144  10:49  SCV, Refinery  
  148  10:50  Refinery  
  148  10:51  Medivac  
  148  10:56  Marine  
  146  10:57  Marine  
  146  10:59  Marauder, Marine, SCV  
  146  11:03  Widow Mine  
  154  11:04  Widow Mine  
  154  11:06  Medivac  
  154  11:07  SCV  
  154  11:08  Marine  
  158  11:15  Marine  
  158  11:17  Marine  
  154  11:18  Marine  
  154  11:21  Medivac, Marauder  
  154  11:24  Widow Mine  
  163  11:25  Supply Depot  
  151  11:33  Marine, Marauder  
  151  11:35  Marine  
  151  11:36  Medivac, Widow Mine  
  151  11:37  Marauder  
  143  11:42  Marine  
  143  11:45  Widow Mine  
  143  11:46  SCV x2  
  134  11:50  Marine  
  134  11:51  Barracks  
  134  11:53  Marine  
  136  11:54  Command Center  
  136  11:55  Ghost  
  136  11:59  Widow Mine  
  140  12:02  Bunker  
  140  12:05  Marauder  
  140  12:06  Marauder  
  143  12:13  Medivac  
  145  12:18  Widow Mine  
  145  12:19  Command Center  
  144  12:24  Marauder  
  144  12:25  Ghost  
  144  12:26  Marine x2  
  149  12:33  Armory  
  145  12:39  Medivac  
  145  12:40  Engineering Bay  
  145  12:42  Marine  
  146  12:46  Marauder  
  146  12:49  Widow Mine  
  146  12:50  Marine  
  145  12:53  Marauder  
  145  12:55  Medivac  
  145  12:56  SCV  
  149  13:00  Marauder  
  147  13:09  Widow Mine  
  147  13:11  Ghost  
  141  13:14  Ghost  
  141  13:16  Widow Mine  
  141  13:17  Marine x2  
  140  13:21  Barracks Tech Lab  
  140  13:23  Marauder  
  140  13:25  Medivac  
  126  13:35  Marine  
  126  13:37  Marine  
  126  13:39  Widow Mine  
  126  13:40  Marauder  
  124  13:43  Marine, Marauder, Widow Mine  
  124  13:44  Ghost  
  129  13:55  Marine  
  127  13:58  Medivac  
  127  14:00  Marine  
  127  14:02  Marauder  
  117  14:03  Liberator  
  115  14:11  Ghost  
  115  14:13  SCV  
  115  14:15  Marine  
  115  14:16  Marauder x2  
  122  14:17  SCV  
  122  14:18  SCV  
  122  14:22  Marine  
  125  14:27  Widow Mine x2  
  129  14:31  SCV  
  129  14:32  SCV x2  
  129  14:33  Marine  
  131  14:41  Marine  
  131  14:42  Marauder x2  
  136  14:47  Marauder  
  136  14:48  Widow Mine  
  136  14:51  SCV, Marauder  
  142  14:55  SCV, Marine  
  142  14:57  SCV  
  145  15:02  Widow Mine  
  145  15:03  Ghost  
  146  15:10  Bunker  
  146  15:12  Marauder, Widow Mine  
  146  15:13  Marine  
  149  15:26  Marine  
  150  15:30  Widow Mine  
  150  15:33  Widow Mine  
Show
View Real Time Build Order
Export as new Build Order

MaxPax Protoss - Winner!

Build Orders: 1 Gate Expand, Blink Stalkers, Zealot Archon 

Get SALT Encoding   

  12  0:00  Probe  
  13  0:12  Probe  
  14  0:17  Pylon  
  14  0:24  Probe (Chrono Boost)  
  16  0:36  Gateway, Probe (Chrono Boost)  
  16  0:43  Probe (Chrono Boost)  
  16  0:45  Assimilator  
  17  0:51  Probe  
  18  1:03  Probe  
  19  1:15  Probe  
  20  1:24  Cybernetics Core  
  20  1:33  Nexus  
  20  1:34  Probe  
  21  1:41  Pylon  
  21  1:46  Probe  
  22  1:48  Assimilator  
  22  1:57  Adept (Chrono Boost)  
  22  1:58  Probe  
  22  2:00  Warp Gate  
  25  2:10  Probe  
  26  2:17  Adept (Chrono Boost)  
  26  2:22  Probe  
  29  2:27  Twilight Council  
  29  2:34  Probe  
  30  2:39  Gateway  
  30  2:45  Stalker  
  30  2:49  Probe (Chrono Boost)  
  34  2:51  Probe (Chrono Boost)  
  35  2:59  Probe (Chrono Boost)  
  35  3:00  Blink (Chrono Boost)  
  35  3:01  Probe (Chrono Boost)  
  35  3:04  Probe (Chrono Boost)  
  36  3:11  Probe  
  38  3:15  Probe  
  39  3:21  Robotics Facility  
  39  3:23  Probe  
  40  3:27  Probe  
  41  3:35  Probe  
  41  3:39  Probe  
  43  3:47  Probe  
  41  3:48  Stalker x2  
  41  3:50  Gateway  
  41  3:53  Pylon, Probe  
  46  4:08  Warp Prism (Chrono Boost)  
  46  4:11  Pylon, Probe x2  
  50  4:23  Assimilator, Probe x2  
  52  4:28  Stalker  
  52  4:29  Stalker  
  56  4:31  Pylon  
  56  4:33  Pylon  
  56  4:35  Probe x2  
  58  4:45  Observer  
  59  4:56  Stalker x3  
  63  5:13  Probe x2  
  65  5:14  Nexus  
  65  5:18  Dark Shrine  
  65  5:25  Probe  
  65  5:26  Assimilator  
  65  5:27  Stalker x3  
  65  5:28  Probe  
  73  5:37  Probe  
  73  5:40  Probe  
  75  5:44  Templar Archives  
  75  5:49  Probe  
  76  5:52  Probe  
  76  5:53  Charge (Chrono Boost)  
  77  6:01  Probe  
  78  6:08  Gateway  
  78  6:09  Psionic Storm  
  78  6:12  Gateway  
  78  6:14  Gateway  
  78  6:25  Probe x2  
  78  6:27  Probe  
  78  6:32  Gateway  
  81  6:35  Gateway  
  81  6:37  Gateway  
  81  6:38  Probe x2  
  81  6:39  Gateway  
  83  6:40  Pylon  
  83  6:41  Gateway, Probe  
  83  6:44  High Templar  
  83  6:45  Shield Battery  
  86  6:50  Probe x2  
  86  6:53  Probe  
  89  6:58  Observer, High Templar x2, Pylon  
  89  7:00  Pylon  
  93  7:02  Probe x2  
  93  7:07  Probe  
  96  7:08  Pylon  
  96  7:11  Zealot x2  
  96  7:14  Pylon  
  100  7:15  Pylon  
  100  7:17  Pylon x2  
  100  7:19  Pylon  
  100  7:24  Pylon  
  100  7:27  Zealot x3  
  106  7:31  High Templar x2, Zealot x2  
  112  7:40  Archon  
  112  7:41  Zealot x4  
  119  7:50  Sentry, Zealot x2  
  125  7:53  Probe  
  126  8:02  High Templar x2, Zealot x3  
  126  8:03  Zealot  
  136  8:07  Archon  
  136  8:08  Nexus  
  136  8:14  Forge  
  136  8:22  Zealot x6  
  144  8:44  Observer  
  144  8:46  Zealot  
  134  8:53  Probe  
  134  8:54  Probe  
  134  8:55  Zealot x3  
  134  8:56  Zealot x7  
  134  9:00  Observer  
  151  9:12  Zealot  
  120  9:26  Zealot x5  
  120  9:27  Zealot x5  
  132  9:32  Probe  
  123  9:46  Warp Prism  
  123  9:47  High Templar x3  
  123  9:48  Stalker x7  
  139  9:58  Probe  
  136  10:00  Protoss Ground Weapons Level 1 (Chrono Boost)  
  136  10:06  Nexus  
  134  10:15  High Templar x2  
  134  10:16  Zealot x3  
  134  10:17  Observer  
  144  10:22  Probe  
  144  10:26  Archon  
  144  10:31  Zealot x2  
  144  10:32  Zealot x3  
  154  10:42  Probe x2  
  156  10:43  Probe  
  156  10:45  Zealot x3  
  163  10:54  Probe  
  160  11:04  Zealot x2  
  140  11:21  Zealot x9  
  140  11:23  Probe  
  155  11:38  Zealot x2  
  143  11:43  Probe  
  126  11:47  Probe  
  126  11:48  Probe  
  126  11:49  Probe  
  125  11:54  Protoss Ground Armor Level 1 (Chrono Boost)  
  125  11:56  High Templar x2, Zealot x7  
  125  12:00  Nexus  
  143  12:01  Pylon  
  143  12:09  Archon  
  143  12:10  Probe  
  143  12:11  Probe  
  145  12:18  Probe  
  138  12:24  Robotics Bay  
  138  12:27  Zealot x9  
  138  12:28  Zealot x2  
  156  12:38  Immortal (Chrono Boost)  
  156  12:42  Probe  
  143  12:53  Zealot x9  
  155  13:05  Pylon  
  155  13:11  Zealot x2  
  134  13:15  Zealot x3  
  134  13:16  Zealot x5  
  134  13:17  Probe x2  
  142  13:23  Probe  
  142  13:25  Zealot  
  135  13:32  Observer  
  129  13:38  High Templar x2  
  133  13:42  Zealot x4  
  133  13:51  Zealot x4, Archon  
  133  13:52  Zealot  
  125  13:56  Probe  
  125  13:58  Colossus (Chrono Boost)  
  125  14:01  Probe  
  123  14:05  Probe  
  120  14:15  Zealot x11  
  140  14:22  Archon  
  140  14:25  Probe x2  
  140  14:26  Probe  
  140  14:30  Assimilator  
  143  14:36  Shield Battery  
  143  14:37  Shield Battery  
  141  14:40  Probe  
  141  14:43  Probe  
  136  14:48  Photon Cannon  
  131  14:54  Zealot x2  
  131  14:55  Zealot  
  131  14:57  Zealot x8  
  151  15:04  Photon Cannon  
  145  15:11  Nexus  
  145  15:12  Colossus (Chrono Boost)  
  145  15:15  Probe  
  145  15:19  Probe  
  142  15:28  Zealot x11  
  128  15:50  High Templar  
  128  15:51  Zealot x7  
Tags
 
Add a new tag
Caveats
  • Supply blocks, unpowered buildings, or Contaminate may cause inaccurate times.
  • Supply counts are checked every 10 seconds.